APP
GREAT FALLS VOYAGERS @ SEATTLE (APP) MARINERS
08/25/2046
 
TOP OF THE 1ST
Great Falls Voyagers batting - Pitching for Seattle (APP) Mariners : LHP Adam Schmidt
Pitching: LHP Adam Schmidt
Batting: RHB Kasey Bland 0-0: Ball
1-0: Called Strike
1-1: Ball
2-1: Foul Ball, location: 2F
2-2: Foul Ball, location: 2F
2-2: Foul Ball, location: 2F
2-2: Ball
3-2: Foul Ball, location: 2F
3-2: Fly out, F8 (Flyball, 8LD, EV 102.5 MPH)
Batting: LHB Justin Stickney 0-0: Called Strike
0-1: Ball
1-1: SOLO HOME RUN (Flyball, 9D, EV 91.9 MPH), Distance : 356 ft
Batting: RHB Mike Rosa 0-0: Ball
1-0: Called Strike
1-1: Fly out, F3 (Popup, 3SF, EV 81.9 MPH)
Batting: RHB Andy Cotton 0-0: Foul Ball, location: 2F
0-1: Ball
1-1: Swinging Strike
1-2: Ground out 6-3 (Groundball, 6, EV 81.2 MPH)
Top of the 1st over - 1 run, 1 hit, 0 errors, 0 left on base; Great Falls 1 - Seattle (APP) 0
BOTTOM OF THE 1ST
Seattle (APP) Mariners batting - Pitching for Great Falls Voyagers : LHP Matt Schwartz
Pitching: LHP Matt Schwartz
Batting: RHB Jim Begger 0-0: Ball
1-0: Ground out 5-3 (Groundball, 5S, EV 75.0 MPH)
Batting: RHB Hideo Okimura 0-0: Foul Ball, location: 2F
0-1: Fly out, F8 (Flyball, 8LD, EV 108.1 MPH)
Batting: RHB Heihachiro Fujita 0-0: Ball
1-0: Called Strike
1-1: Fly out, F8 (Flyball, 8RD, EV 94.4 MPH)
Bottom of the 1st over - 0 runs, 0 hits, 0 errors, 0 left on base; Great Falls 1 - Seattle (APP) 0
TOP OF THE 2ND
Great Falls Voyagers batting - Pitching for Seattle (APP) Mariners : LHP Adam Schmidt
Batting: RHB Mitch Cuadros 0-0: Ball
1-0: Ball
2-0: Ball
3-0: Base on Balls
Batting: RHB David Rhodes 0-0: Ball
1-0: Called Strike
1-1: Swinging Strike
1-2: Ball
2-2: Ball
3-2: Base on Balls
Mitch Cuadros to second
Batting: SHB Jay Gagnon 0-0: Ball
1-0: Foul Ball, location: 2F
1-1: Ball
Wild Pitch!
Mitch Cuadros to third
David Rhodes to second
2-1: Ball
3-1: Base on Balls
Batting: RHB Billy Grubbs 0-0: Called Strike
0-1: Ball
Wild Pitch!
Mitch Cuadros scores
David Rhodes to third
Jay Gagnon to second
1-1: Ball
2-1: Called Strike
2-2: Foul Ball, location: 2F
2-2: Ball
3-2: 3-RUN HOME RUN (Line Drive, 9D, EV 99.4 MPH), Distance : 383 ft
Batting: RHB Vladmiri Nugaibekov 0-0: Called Strike
0-1: Ball
1-1: Ball
2-1: Ground out 6-3 (Groundball, 6, EV 88.1 MPH)
Batting: RHB Kasey Bland 0-0: Ball
1-0: Ground out 3-1 (Groundball, 34S, EV 86.9 MPH)
Batting: LHB Justin Stickney 0-0: Ball
1-0: Ball
2-0: Ball
3-0: Called Strike
3-1: Base on Balls
Batting: RHB Mike Rosa 0-0: TRIPLE (Line Drive, 7D, EV 105.0 MPH)
Justin Stickney scores
Batting: RHB Andy Cotton 0-0: Ball
1-0: Ball
2-0: Ball
3-0: Called Strike
3-1: Base on Balls
Batting: RHB Mitch Cuadros 0-0: Called Strike
0-1: Called Strike
0-2: Fly out, F8 (Flyball, 8RM, EV 90.0 MPH)
Top of the 2nd over - 5 runs, 2 hits, 0 errors, 2 left on base; Great Falls 6 - Seattle (APP) 0
BOTTOM OF THE 2ND
Seattle (APP) Mariners batting - Pitching for Great Falls Voyagers : LHP Matt Schwartz
Batting: RHB Ivan Davila 0-0: Ball
1-0: Foul Ball, location: 2F
1-1: Ball
2-1: Ball
3-1: Base on Balls
Batting: RHB Victor Rosas 0-0: Foul Ball, location: 2F
0-1: Ball
1-1: Foul Ball, location: 2F
1-2: Strikes out swinging
Batting: SHB Frank Amato 0-0: Called Strike
0-1: Ball
1-1: Ball
2-1: Called Strike
2-2: Fly out, F8 (Flyball, 89M, EV 90.0 MPH)
Batting: RHB Danny Pujols 0-0: Ball
1-0: Ball
2-0: Foul Ball, location: 2F
2-1: Foul Ball, location: 2F
2-2: Ball
3-2: Strikes out swinging
Bottom of the 2nd over - 0 runs, 0 hits, 0 errors, 1 left on base; Great Falls 6 - Seattle (APP) 0
TOP OF THE 3RD
Great Falls Voyagers batting - Pitching for Seattle (APP) Mariners : LHP Adam Schmidt
Batting: RHB David Rhodes 0-0: Called Strike
0-1: Ground out 5-3 (Groundball, 56, EV 83.8 MPH)
Batting: SHB Jay Gagnon 0-0: Ball
1-0: Ball
2-0: Ball
3-0: Base on Balls
Batting: RHB Billy Grubbs 0-0: Called Strike
0-1: Foul Ball, location: 2F
0-2: Fielders Choice at 2nd, 6-4 (Groundball, 6, EV 103.1 MPH)
Batting: RHB Vladmiri Nugaibekov 0-0: Ball
1-0: Called Strike
Billy Grubbs is caught stealing 2nd base 2-4
Top of the 3rd over - 0 runs, 0 hits, 0 errors, 0 left on base; Great Falls 6 - Seattle (APP) 0
BOTTOM OF THE 3RD
Seattle (APP) Mariners batting - Pitching for Great Falls Voyagers : LHP Matt Schwartz
Batting: RHB Jwahir Pili 0-0: Ball
1-0: Ball
2-0: Foul Ball, location: 2F
2-1: SOLO HOME RUN (Flyball, 7LD, EV 97.5 MPH), Distance : 352 ft
Batting: RHB David Greene 0-0: Ball
1-0: Called Strike
1-1: Ball
2-1: Foul Ball, location: 2F
2-2: Foul Ball, location: 2F
2-2: Foul Ball, location: 2F
2-2: Foul Ball, location: 2F
2-2: Ground out 6-3 (Groundball, 6, EV 86.9 MPH)
Batting: RHB Jim Begger 0-0: Fly out, F8 (Flyball, 8LD, EV 98.1 MPH)
Batting: RHB Hideo Okimura 0-0: DOUBLE (Line Drive, 89D, EV 105.6 MPH)
Batting: RHB Heihachiro Fujita 0-0: SINGLE (Groundball, 56D, EV 103.8 MPH)
Hideo Okimura to third
Batting: RHB Ivan Davila 0-0: Swinging Strike
0-1: Foul Ball, location: 2F
0-2: Fly out, F3 (Popup, 3SF, EV 78.8 MPH)
Bottom of the 3rd over - 1 run, 3 hits, 0 errors, 2 left on base; Great Falls 6 - Seattle (APP) 1
TOP OF THE 4TH
Great Falls Voyagers batting - Pitching for Seattle (APP) Mariners : LHP Adam Schmidt
Batting: RHB Vladmiri Nugaibekov 0-0: Ball
1-0: Called Strike
1-1: Called Strike
1-2: Ball
2-2: Strikes out swinging
Batting: RHB Kasey Bland 0-0: Called Strike
0-1: Ball
1-1: Ground out U3 (Groundball, 3D, EV 97.5 MPH)
Batting: LHB Justin Stickney 0-0: Called Strike
0-1: Ball
1-1: Called Strike
1-2: Strikes out looking
Top of the 4th over - 0 runs, 0 hits, 0 errors, 0 left on base; Great Falls 6 - Seattle (APP) 1
BOTTOM OF THE 4TH
Seattle (APP) Mariners batting - Pitching for Great Falls Voyagers : LHP Matt Schwartz
Batting: RHB Victor Rosas 0-0: Called Strike
0-1: Foul Ball, location: 2F
0-2: Ground out 4-3 (Groundball, 4, EV 89.4 MPH)
Batting: SHB Frank Amato 0-0: Called Strike
0-1: Called Strike
0-2: Fly out, F8 (Flyball, 8LS, EV 90.6 MPH)
Batting: RHB Danny Pujols 0-0: Fly out, F8 (Line Drive, 8RD, EV 96.2 MPH)
Bottom of the 4th over - 0 runs, 0 hits, 0 errors, 0 left on base; Great Falls 6 - Seattle (APP) 1
TOP OF THE 5TH
Great Falls Voyagers batting - Pitching for Seattle (APP) Mariners : LHP Adam Schmidt
Batting: RHB Mike Rosa 0-0: Ball
1-0: Ball
2-0: Foul Ball, location: 2F
2-1: Ball
3-1: Base on Balls
Batting: RHB Andy Cotton 0-0: Ball
Mike Rosa steals 2nd, throwing error, E2
Mike Rosa to third
1-0: Called Strike
1-1: Swinging Strike
1-2: Ball
2-2: Ball
3-2: Base on Balls
Pitching: RHP Bill Porter
Batting: RHB Mitch Cuadros 0-0: Ball
1-0: Ball
Passed Ball!
Mike Rosa scores
Andy Cotton to second
2-0: Ball
3-0: Base on Balls
Batting: RHB David Rhodes 0-0: Ball
1-0: Ball
2-0: Ball
3-0: Called Strike
3-1: Foul Ball, location: 2F
3-2: Base on Balls
Andy Cotton to third
Mitch Cuadros to second
Batting: SHB Jay Gagnon 0-0: Ball
1-0: Foul Ball, location: 2F
1-1: Ball
2-1: Ball
3-1: Called Strike
3-2: DOUBLE (Line Drive, 78M, EV 99.4 MPH)
Andy Cotton scores
Mitch Cuadros scores
David Rhodes to third
Batting: RHB Billy Grubbs 0-0: 3-RUN HOME RUN (Flyball, 7D, EV 93.8 MPH), Distance : 371 ft
Pitching: RHP Carlos Luna
Batting: RHB Vladmiri Nugaibekov 0-0: Swinging Strike
0-1: Ball
1-1: Ball
2-1: Swinging Strike
2-2: Ball
3-2: Strikes out swinging
Batting: RHB Kasey Bland 0-0: Called Strike
0-1: Ball
1-1: Foul Ball, location: 2F
1-2: Ball
2-2: Ball
3-2: Base on Balls
Batting: LHB Justin Stickney 0-0: Ball
1-0: Fly out, F8 (Flyball, 8RXD, EV 96.9 MPH)
Batting: RHB Mike Rosa 0-0: Called Strike
0-1: Ball
1-1: Ball
2-1: Called Strike
2-2: Ball
3-2: Ground out U3 (Groundball, 34, EV 107.5 MPH)
Top of the 5th over - 6 runs, 2 hits, 1 error, 1 left on base; Great Falls 12 - Seattle (APP) 1
BOTTOM OF THE 5TH
Seattle (APP) Mariners batting - Pitching for Great Falls Voyagers : LHP Matt Schwartz
Batting: RHB Jwahir Pili 0-0: Called Strike
0-1: Ball
1-1: Ball
2-1: Ground out 6-3 (Groundball, 6, EV 83.8 MPH)
Batting: RHB David Greene 0-0: Foul Ball, location: 2F
0-1: Ball
1-1: SINGLE (Groundball, 34D, EV 98.8 MPH)
Batting: RHB Jim Begger 0-0: Called Strike
0-1: Foul Ball, location: 2F
0-2: Grounds into double play, 5-4-3 (Groundball, 56S, EV 76.9 MPH)
Bottom of the 5th over - 0 runs, 1 hit, 0 errors, 0 left on base; Great Falls 12 - Seattle (APP) 1
TOP OF THE 6TH
Great Falls Voyagers batting - Pitching for Seattle (APP) Mariners : RHP Carlos Luna
Batting: RHB Andy Cotton 0-0: Ball
1-0: Foul Ball, location: 2F
1-1: Foul Ball, location: 2F
1-2: Ground out 1-3 (Groundball, P, EV 69.4 MPH)
Batting: RHB Mitch Cuadros 0-0: Ball
1-0: Swinging Strike
1-1: Foul Ball, location: 2F
1-2: Ball
2-2: Ball
3-2: Base on Balls
Batting: RHB David Rhodes 0-0: Foul Ball, location: 2F
0-1: Ball
1-1: Ball
2-1: Grounds into double play, 5-4-3 (Groundball, 56, EV 100.0 MPH)
Top of the 6th over - 0 runs, 0 hits, 0 errors, 0 left on base; Great Falls 12 - Seattle (APP) 1
BOTTOM OF THE 6TH
Seattle (APP) Mariners batting - Pitching for Great Falls Voyagers : LHP Matt Schwartz
Batting: RHB Hideo Okimura 0-0: Ground out 6-3 (Groundball, 56D, EV 101.9 MPH)
Batting: RHB Heihachiro Fujita 0-0: Ball
1-0: Ball
2-0: Reached on error, E4 (Groundball, 4, EV 105.6 MPH)
Batting: RHB Ivan Davila 0-0: Grounds into double play, 6-4-3 (Groundball, 6S, EV 80.0 MPH)
Bottom of the 6th over - 0 runs, 0 hits, 1 error, 0 left on base; Great Falls 12 - Seattle (APP) 1
TOP OF THE 7TH
Great Falls Voyagers batting - Pitching for Seattle (APP) Mariners : RHP Carlos Luna
Batting: SHB Jay Gagnon 0-0: Ball
1-0: Foul Ball, location: 2F
1-1: Ball
2-1: Ball
3-1: Foul Ball, location: 2F
3-2: Hit by Pitch
Batting: RHB Billy Grubbs 0-0: Ball
1-0: Called Strike
1-1: Grounds into double play, 3-6-3 (Groundball, 34, EV 101.2 MPH)
Pitching: RHP Frank Cabrera
Batting: RHB Vladmiri Nugaibekov 0-0: Ball
1-0: Ball
2-0: Ground out 5-3 (Groundball, 56, EV 79.4 MPH)
Top of the 7th over - 0 runs, 0 hits, 0 errors, 0 left on base; Great Falls 12 - Seattle (APP) 1
BOTTOM OF THE 7TH
Seattle (APP) Mariners batting - Pitching for Great Falls Voyagers : LHP Matt Schwartz
Batting: RHB Victor Rosas 0-0: Called Strike
0-1: Ball
1-1: Ball
2-1: Fly out, F8 (Flyball, 8RXD, EV 107.5 MPH)
Batting: SHB Frank Amato 0-0: Called Strike
0-1: Ball
1-1: Foul Ball, location: 2F
1-2: Ball
2-2: Ground out 5-3 (Groundball, 5L, EV 100.6 MPH)
Batting: RHB Danny Pujols 0-0: Swinging Strike
0-1: Ball
1-1: Ball
2-1: Ball
3-1: Foul Ball, location: 2F
3-2: Foul Ball, location: 2F
3-2: Strikes out swinging
Bottom of the 7th over - 0 runs, 0 hits, 0 errors, 0 left on base; Great Falls 12 - Seattle (APP) 1
TOP OF THE 8TH
Great Falls Voyagers batting - Pitching for Seattle (APP) Mariners : RHP Frank Cabrera
Batting: RHB Kasey Bland 0-0: Ball
1-0: Ball
2-0: Foul Ball, location: 2F
2-1: SINGLE (Groundball, 25, EV 71.9 MPH) (infield hit)
Batting: LHB Justin Stickney 0-0: Ball
1-0: Ball
2-0: Ball
3-0: Called Strike
3-1: Base on Balls
Kasey Bland to second
Batting: RHB Mike Rosa 0-0: Called Strike
0-1: Fly out, F4 (Line Drive, 4, EV 65.6 MPH)
Pinch Hitting: RHB Jake Feinstein 0-0: Ball
1-0: Foul Ball, location: 2F
1-1: Swinging Strike
1-2: Ball
2-2: Ball
3-2: Base on Balls
Kasey Bland to third
Justin Stickney to second
Pitching: RHP Daniel Villalobos
Batting: RHB Mitch Cuadros 0-0: Ball
1-0: SINGLE (Groundball, 4MD, EV 103.8 MPH)
Kasey Bland scores
Justin Stickney to third
Jake Feinstein to second
Runner from 3rd tries for Home, SAFE, throw by CF to home
Batting: RHB David Rhodes 0-0: Ball
1-0: Ball
2-0: Fly out, F9 (Flyball, 9, EV 86.9 MPH)
Batting: SHB Jay Gagnon 0-0: Swinging Strike
0-1: Ball
1-1: Ball
2-1: Ball
3-1: Base on Balls
Jake Feinstein to third
Mitch Cuadros to second
Batting: RHB Billy Grubbs 0-0: Foul Ball, location: 2F
0-1: Swinging Strike
0-2: Strikes out swinging
Top of the 8th over - 2 runs, 2 hits, 0 errors, 3 left on base; Great Falls 14 - Seattle (APP) 1
BOTTOM OF THE 8TH
Seattle (APP) Mariners batting - Pitching for Great Falls Voyagers : LHP Matt Schwartz
Now in LF: Jake Feinstein
Batting: RHB Jwahir Pili 0-0: Ball
1-0: Ball
2-0: Called Strike
2-1: DOUBLE (Line Drive, 9LM, EV 93.8 MPH) - OUT at third base trying to stretch hit.
Pitching: LHP Ray Sowers
Batting: RHB David Greene 0-0: Ball
1-0: Called Strike
1-1: Ball
2-1: Foul Ball, location: 2F
2-2: Foul Ball, location: 2F
2-2: Strikes out swinging
Batting: RHB Jim Begger 0-0: Called Strike
0-1: Ball
1-1: Ball
2-1: Ball
3-1: Foul Ball, location: 2F
3-2: Base on Balls
Batting: RHB Hideo Okimura 0-0: Called Strike
0-1: Ball
1-1: Fielders Choice at 2nd, 5-4 (Groundball, 56, EV 90.6 MPH)
Bottom of the 8th over - 0 runs, 1 hit, 0 errors, 1 left on base; Great Falls 14 - Seattle (APP) 1
TOP OF THE 9TH
Great Falls Voyagers batting - Pitching for Seattle (APP) Mariners : RHP Daniel Villalobos
Batting: RHB Vladmiri Nugaibekov 0-0: SOLO HOME RUN (Flyball, 78XD, EV 105.0 MPH), Distance : 415 ft
Batting: RHB Kasey Bland 0-0: Ball
1-0: Foul Ball, location: 2F
1-1: Ball
2-1: Foul Ball, location: 2F
2-2: SOLO HOME RUN (Flyball, 7D, EV 98.8 MPH), Distance : 379 ft
Pitching: LHP Chris Wheeler
Batting: LHB Justin Stickney 0-0: Ball
1-0: Ball
2-0: Called Strike
2-1: Called Strike
2-2: Strikes out swinging
Batting: RHB Mike Rosa 0-0: Ball
1-0: Ball
2-0: Called Strike
2-1: Fly out, F4 (Line Drive, 4, EV 66.9 MPH)
Batting: RHB Jake Feinstein 0-0: Called Strike
0-1: Ball
1-1: Ground out 5-3 (Groundball, 56S, EV 83.8 MPH)
Top of the 9th over - 2 runs, 2 hits, 0 errors, 0 left on base; Great Falls 16 - Seattle (APP) 1
BOTTOM OF THE 9TH
Seattle (APP) Mariners batting - Pitching for Great Falls Voyagers : LHP Ray Sowers
Batting: RHB Heihachiro Fujita 0-0: Ball
1-0: Swinging Strike
1-1: Ball
2-1: Foul Ball, location: 2F
2-2: Foul Ball, location: 2F
2-2: Ground out 6-3 (Groundball, 6, EV 98.8 MPH)
Batting: RHB Ivan Davila 0-0: Foul Ball, location: 2F
0-1: Ball
1-1: Ball
2-1: Swinging Strike
2-2: Ball
3-2: Base on Balls
Batting: RHB Victor Rosas 0-0: DOUBLE (Line Drive, 9LD, EV 108.8 MPH)
Ivan Davila to third
Batting: SHB Frank Amato 0-0: Called Strike
0-1: Foul Ball, location: 2F
0-2: Ball
1-2: Strikes out swinging
Batting: RHB Danny Pujols 0-0: Ground out 6-3 (Groundball, 6, EV 81.9 MPH)
Bottom of the 9th over - 0 runs, 1 hit, 0 errors, 2 left on base; Great Falls 16 - Seattle (APP) 1
Tuesday, September 13th , 2022 - OOTP Baseball 23.7 Build 88